 Dungeon Crawl Stone Soup version 0.22-a0-565-gfc6459a (webtiles) character file.

331 Azzur the Bolt Thrower (level 6, -23/45 HPs)
             Began as a Formicid Arcane Marksman on June 25, 2018.
             Annihilated by an ogre
             ... wielding a +0 giant spiked club
              (25 damage)
             ... on level 4 of the Dungeon on June 28, 2018.
             The game lasted 00:19:56 (3057 turns).

Azzur the Bolt Thrower (Formicid Arcane Marksman)   Turns: 3057, Time: 00:19:57

Health: -23/45     AC:  4    Str: 14    XL:     6   Next: 82%
Magic:  9/9        EV: 12    Int: 17    God:
Gold:   152        SH:  0    Dex: 13    Spells: 6/9 levels left

rFire    . . .     SeeInvis +   d - +0 flail
rCold    . . .     Gourm    .   (no shield)
rNeg     . . .     Faith    .   x - +1 leather armour of Eternity {Int+4} (curse)
rPois    .         Spirit   .   (helmet unavailable)
rElec    .         Reflect  .   (no cloak)
rCorr    .         Harm     .   (no gloves)
MR       .....                  (no boots)
Stlth    +++.......             (no amulet)
HPRegen  0.15/turn              c - ring of stealth
MPRegen  0.11/turn              (no ring)

@: no status effects
A: permanent stasis, dig shafts and tunnels, four strong arms, antennae 3
a: Dig, Shaft Self


You were on level 4 of the Dungeon.
You were not hungry.

You visited 1 branch of the dungeon, and saw 4 of its levels.

You collected 152 gold pieces.

Inventory:

Hand Weapons
 a - a +0 hand crossbow
 d - a +0 flail (weapon)
Missiles
 k - 7 needles of frenzy
 v - 4 bolts
Armour
 e - a +0 robe
 x - the cursed +1 leather armour of Eternity (worn) {Int+4}
   (You found it on level 4 of the Dungeon)

   It affects your intelligence (+4).
   It has a curse placed upon it.
Jewellery
 c - a ring of stealth (left hand)
Scrolls
 h - 2 scrolls of identify
 j - a scroll of amnesia
 n - a scroll of magic mapping
 o - a scroll of fog {unknown}
 r - a scroll of blinking {unknown}
 s - 2 scrolls of fear {unknown}
 t - a scroll of enchant weapon {unknown}
 u - a scroll of enchant armour {unknown}
Potions
 b - 2 potions of agility {unknown}
 g - 2 potions of degeneration
 i - a potion of berserk rage {unknown}
 l - a potion of cancellation {unknown}
 p - a potion of curing {unknown}
 q - a potion of brilliance {unknown}
Comestibles
 f - 3 rations


   Skills:
 + Level 2.3 Fighting
 + Level 0.1 Maces & Flails
 + Level 4.8 Crossbows
 + Level 2.1 Dodging
 * Level 3.2 Stealth
 + Level 2.0 Spellcasting
 * Level 4.3 Hexes


You had 6 spell levels left.
You knew the following spells:

 Your Spells              Type           Power        Failure   Level  Hunger
a - Corona                Hex            ###....      4%          1    #......
b - Slow                  Hex            ###.....     6%          2    ###....

Your spell library contained the following spells:

 Spells                   Type           Power        Failure   Level  Hunger
 Cause Fear               Hex            ###.......   38%         4    #####..
 Portal Projectile        Hex/Tloc       #.....       30%         3    ###....
 Leda's Liquefaction      Hex/Erth       #.........   69%         4    #####..
 Inner Flame              Hex/Fire       #.......     30%         3    ###....


Dungeon Overview and Level Annotations

Branches:
Dungeon (4/15)
 Temple: D:4-7

Altars:


Innate Abilities, Weirdness & Mutations

You cannot be hasted, slowed, berserked, paralysed or teleported.
You can dig through walls and to a lower floor.
Your four strong arms can wield two-handed weapons with a shield.
You have a pair of large antennae on your head. (SInv)


Message History

The ogre closely misses you.
You sock the ogre!
The ogre is moderately wounded.
The orc priest mumbles some strange prayers to Beogh against you.
You struggle to resist.
The frilled lizard closely misses you. The orc hits you but does no damage.
The ogre barely misses you.
You barely miss the ogre.
The ogre is moderately wounded.
The orc priest hits you.
* * * LOW HITPOINT WARNING * * *
The frilled lizard bites you.
* * * LOW HITPOINT WARNING * * *
The orc hits you but does no damage.
The orc priest calls down the wrath of Beogh upon you.
Pain shoots through your body!
* * * LOW HITPOINT WARNING * * *
The frilled lizard closely misses you. The orc closely misses you.
The ogre hits you with a giant spiked club!!
Ouch! That really hurt!
You die...

*,*,**,*,*,* *,,,*,*,**,*,**
*,*,,,,*,#.######.?.#,****,*,*,
***,******,*..........#,,,,,,*,*,
,,,,,,,* *,##........>#*******,*,
,,,,,,,**#,#<........#* *,,,
,,,,,,,,,..#.........# ***,
,,,,,,,,,............### *,
,,,,,,,,,......Oo......# ****,
,,,,,,,,,......l@......# *,,,,
,,,,,,,,,......o.......# *,,,,
,,,,,,,,,...........!### *,,,,
*******,,....######'## *,,,,
*,,...,* #.# *,,,, ***##*** #.#
*,,,, #.# *,,,, #.# *,,,, #.#
*,,,,


You could see an ogre, an orc priest, an orc and a frilled lizard.

Vanquished Creatures
  Sigmund (D:2)
  A hound (D:4)
  6 adders
  2 worms
  A dart slug (D:2)
  2 leopard geckos (D:3)
  4 orcs
  4 giant cockroaches
  6 goblins
  4 hobgoblins
  6 jackals
  10 kobolds
  2 quokkas (D:3)
  2 ball pythons
  6 bats
  3 frilled lizards
  9 rats
69 creatures vanquished.

Notes
Turn   | Place    | Note
-------+----------+-------------------------------------------
     0 | D:1      | Azzur the Formicid Arcane Marksman began the quest for the Orb.
     0 | D:1      | Reached XP level 1. HP: 15/15 MP: 2/2
   236 | D:1      | Reached XP level 2. HP: 21/21 MP: 1/3
   303 | D:1      | Reached skill level 1 in Stealth
   610 | D:2      | Noticed Sigmund
   631 | D:2      | Killed Sigmund
   631 | D:2      | Reached XP level 3. HP: 9/27 MP: 2/5
   631 | D:2      | Reached XP level 4. HP: 11/33 MP: 2/6
   631 | D:2      | Reached XP level 5. HP: 13/38 MP: 2/7
   635 | D:2      | Reached XP level 6. HP: 15/44 MP: 3/8
  1128 | D:2      | Learned a level 2 spell: Slow
  1582 | D:2      | Upgraded the game from 0.22-a0-553-g9358b0b to 0.22-a0-565-gfc6459a
  2687 | D:4      | Got a spiked leather armour
  2698 | D:4      | Identified the cursed +1 leather armour of Eternity {Int+4} (You found it on level 4 of the Dungeon)
  3050 | D:4      | Noticed an ogre
  3057 | D:4      | HP: 2/45 [orc priest/nerve-wracking pain (7)]
  3057 | D:4      | Annihilated by an ogre

Vault maps used:
D:1:      scummos_arrival_star
D:2:      minmay_misc_feat_nine_boxes, kennysheep_generic_room_4, uniq_sigmund
D:3:      minmay_misc_feat_more_columns
D:4:      first_ration, uniq_grinder, uniq_blork_the_orc

Skill      XL: |  1  2  3  4  5  6 |
---------------+-------------------+-----
Stealth        | 2 3 |  3.2
Dodging        | 2 |  2.1
Fighting       | 2 |  2.3
Crossbows      | 4 |  4.8
Hexes          | 4 |  4.3
Spellcasting   | 2 |  2.0
Maces & Flails | |  0.1

Action                   |  1- 3 |  4- 6 || total
-------------------------+-------+-------++-------
Melee: Mace              |     4 |       ||     4
       Flail             |       |    40 ||    40
 Fire: Hand crossbow     |    45 |   106 ||   151
 Cast: Corona            |     4 |     4 ||     8
 Abil: Dig               |     1 |     9 ||    10
  Use: Scroll            |     3 |     3 ||     6
  Eat: Chunk             |       |     8 ||     8
Armor: Robe              |     3 |     9 ||    12
       Leather armour    |       |    10 ||    10
Dodge: Dodged            |    15 |    74 ||    89

Table legend:
 A = Spawn XP
 B = Non-spawn XP
 C = Spawn XP percentage of total XP
 D = Spawn monster count
 E = Non-spawn monster count
 F = Spawn count percentage of total count
 G = Total turns spent on level
                    A         B        C        D         E        F      G
               +---------+---------+-------+---------+---------+-------+---------
         Total |       0 |     474 |   0.0 |       0 |      69 |   0.0 |  3057
               +---------+---------+-------+---------+---------+-------+---------
           D:1 |       0 |      13 |   0.0 |       0 |       8 |   0.0 |   504
           D:2 |       0 |     284 |   0.0 |       0 |      21 |   0.0 |   977
           D:3 |       0 |      93 |   0.0 |       0 |      31 |   0.0 |  1080
           D:4 |       0 |      84 |   0.0 |       0 |       9 |   0.0 |   496
               +---------+---------+-------+---------+---------+-------+---------
